 Dungeon Crawl Stone Soup version 0.31.0-7-gf635a9b802 (webtiles) character file.

Game seed: 11959459506687480899

97 Esekla the Magician (level 4, -7/21 HPs)
             Began as a Spriggan Hedge Wizard on Jan 23, 2024.
             Mangled by Crazy Yiuf
             ... wielding a +2 quarterstaff of chaos
              (16 damage)
             ... on level 4 of the Dungeon.
             The game lasted 00:18:19 (2740 turns).

Esekla the Magician (Spriggan Hedge Wizard)         Turns: 2740, Time: 00:18:19

Health: -7/21      AC:  2    Str:  6    XL:     4   Next: 42%
Magic:  12/12      EV: 17    Int: 17    God:
Gold:   128        SH:  0    Dex: 14    Spells: 7/13 levels left

rFire   . . .        a - +0 dagger
rCold   . . .        (no shield)
rNeg    . . .        b - +0 robe
rPois   .            c - +0 hat
rElec   .            (no cloak)
rCorr   .            (gloves unavailable)
SInv    +            (boots unavailable)
Will    .....        y - amulet of magic regeneration
Stlth   ++           (no ring)
HPRegen 0.23/turn    (no ring)
MPRegen 0.53/turn

%: no passive effects
@: very quick
A: very small, no large weapons, unfitting armour, see invisible, speed 3
a: no special abilities


You were on level 4 of the Dungeon.
You visited 1 branch of the dungeon, and saw 4 of its levels.

You collected 273 gold pieces.
You spent 145 gold pieces at shops.

Inventory:

Hand Weapons
 a - a +0 dagger (weapon)
 k - the +7 mace "Spiderslayer" {drain, *Rage rF+ rC+ Int+2}
   (You found it on level 2 of the Dungeon)

   Int+2:     It affects your intelligence (+2).
   rF+:       It protects you from fire.
   rC+:       It protects you from cold.
   *Rage:     It berserks you when you make melee attacks (+20% chance).
 r - the +1 spear of Unpleasantness {elec, rC+}
   (You found it on level 2 of the Dungeon)

   rC+:       It protects you from cold.
Missiles
 e - 6 boomerangs (quivered)
Armour
 b - a +0 robe (worn)
 c - a +0 hat (worn)
 j - a +0 buckler
Jewellery
 l - a ring of ice
 t - a ring of fire
 y - an amulet of magic regeneration (around neck)
Scrolls
 f - a scroll of amnesia {unknown}
 i - 2 scrolls of revelation {unknown}
 n - 2 scrolls of blinking
 o - 2 scrolls of poison {unknown}
 p - 5 scrolls of teleportation
 s - a scroll of immolation {unknown}
 u - a scroll of silence {unknown}
 x - a scroll of fear {unknown}
Potions
 d - 3 potions of magic
 g - 3 potions of curing
 h - 2 potions of mutation
 m - 2 potions of degeneration {unknown}
 q - a potion of might
 v - a potion of attraction
 w - a potion of haste
 z - a potion of brilliance {unknown}
 A - 2 potions of heal wounds {unknown}


   Skills:
 + Level 0.1 Fighting
 + Level 0.7 Short Blades
 + Level 0.3 Throwing
 * Level 3.4 Dodging
 + Level 3.3 Stealth
 * Level 5.0 Spellcasting
 + Level 0.8 Conjurations
 - Level 0.7 Summonings
 * Level 2.0 Translocations
 * Level 0.7 Air Magic
 * Level 1.7 Alchemy


You had 7 spell levels left.
You knew the following spells:

 Your Spells              Type           Power      Damage    Failure   Level
a - Magic Dart            Conj           28%        1d4       10%         1
b - Blink                 Tloc           22%        N/A       9%          2
c - Mephitic Cloud        Conj/Alch/Air  8%         N/A       26%         3

Your spell library contained the following spells:

 Spells                   Type           Power      Damage    Failure   Level
 Foxfire                  Conj/Fire      20%        2x1d5     12%         1
 Slow                     Hex            16%        N/A       14%         1
 Call Imp                 Summ           12%        N/A       16%         2
 Cigotuvi's Dreadful Rot  Necr/Alch/Air  14%        N/A       16%         2
 Plasma Beam              Fire/Air       2%         2x1d12    100%        6
 Starburst                Conj/Fire      2%         6d3       100%        6


Dungeon Overview and Level Annotations

Branches:
Dungeon (4/15)
 Temple: D:4-7

Altars:
Hepliaklqana
Makhleb

Shops:
D:2 ?

Annotations:
D:4 Blork the orc, Crazy Yiuf


Innate Abilities, Weirdness & Mutations

You are very small and have problems with some larger weapons.
You are too small for most types of armour.
You have supernaturally acute eyesight. (SInv)
You cover ground extremely quickly. (Speed+++)


Message History

You see here a coppery potion.
A - a coppery potion Blork the orc comes into view.
He is wielding a +0 flail.
Blork the orc shouts!
You see here a coppery potion.
A - 2 coppery potions (gained 1)
There is a stone staircase leading up here.
You climb upwards.
There is a stone staircase leading down here.
Okay, then.
Okay, then.
Okay, then.
You have 116 gold pieces.
There is a stone staircase leading down here.
You climb downwards.
Level annotation: Blork the orc
There is a stone staircase leading up here.
Found 12 gold pieces.
Found a hammer.
You now have 128 gold pieces (gained 12).
Found a hammer.
Found three hammers.
Found a runed translucent door.
You see here a +0 hammer.
You see here a +0 hammer.
Press: ? - help, v - describe, . - travel
Here: Crazy Yiuf, wielding a +2 quarterstaff of chaos and wearing a +0 cloak (asleep, fire blocked by a runed translucent door)
The floor.
Found a hammer.
You open the door.
There is an open translucent door here.
The helpless Crazy Yiuf fails to defend himself.
You puncture Crazy Yiuf!
Crazy Yiuf is heavily wounded.
Crazy Yiuf hits you with a +2 quarterstaff of chaos!
Ouch! That really hurt!
Crazy Yiuf freezes you. Crazy Yiuf attacks as he pursues you!
Crazy Yiuf hits you with a +2 quarterstaff of chaos!
Ouch! That really hurt!
You die...

#..P.#
#...........
#).P##
#...........
##.##
#...........
#)##
#...........
##.#
#...<.......
#)##
#...........
##.#
#...........
##'##
#......##...
#)@.#
#..>.....##.
#.g)#
#....>...#..
#..)#
#.......##..
#####
#...........
#...........
#...........
....#..#.....
.....##...>...
.....#........


You could see Crazy Yiuf.

Vanquished Creatures
  4 adders
  An ufetubus (D:4)
  A ribbon worm (D:1)
  2 dart slugs
  5 ball pythons (D:1)
  2 endoplasms
  A giant cockroach (D:2)
  A goblin (D:1)
  4 hobgoblins
  6 jackals
  4 quokkas
  6 bats
  2 frilled lizards
  7 kobolds
  5 rats
51 creatures vanquished.

Notes
Turn   | Place    | Note
-------+----------+-------------------------------------------
     0 | D:1      | Esekla the Spriggan Hedge Wizard began the quest for the
                  | Orb.
     0 | D:1      | Reached XP level 1. HP: 9/9 MP: 6/6
   366 | D:1      | Reached XP level 2. HP: 13/13 MP: 8/8
   530 | D:1      | Learned a level 2 spell: Blink
   674 | D:2      | Identified the +7 mace "Spiderslayer" {drain, *Rage rF+ rC+
                  | Int+2}
   783 | D:2      | Found a faded altar of an unknown god.
   873 | D:2      | Reached XP level 3. HP: 16/16 MP: 5/10
   952 | D:2      | Found Sesarghahuac's Magic Scroll Emporium.
  1182 | D:2      | Learned a level 3 spell: Mephitic Cloud
  1652 | D:3      | Found a burning altar of Makhleb.
  1652 | D:3      | Noticed a blizzard demon
  1737 | D:3      | Reached skill level 1 in Alchemy
  2005 | D:2      | Bought a scroll of blinking for 75 gold pieces
  2101 | D:2      | Identified the +1 spear of Unpleasantness {elec, rC+}
  2196 | D:3      | Found a hazy altar of Hepliaklqana.
  2255 | D:3      | Reached XP level 4. HP: 21/21 MP: 11/11
  2266 | D:3      | Reached skill level 5 in Spellcasting
  2359 | D:2      | Bought a scroll of teleportation for 30 gold pieces
  2359 | D:2      | Bought a scroll of identify for 20 gold pieces
  2359 | D:2      | Bought a scroll of identify for 20 gold pieces
  2691 | D:4      | Noticed Blork the orc
  2731 | D:4      | Found a runed translucent door.
  2732 | D:4      | Noticed Crazy Yiuf
  2740 | D:4      | Mangled by Crazy Yiuf

Illustrated notes

Levels and vault maps discovered:
D:1:      minmay_arrival_five_plusses, layout_rooms
D:2:      layout_rooms, serial_shops, shop, ebering_ecumenical_altar_abandoned,
          dreamdust_princess_corridor, grunt_ministairs_9, minmay_crystal_room,
          minmay_misc_feat_doors, supply_closet_lemuel, amcnicky_mini_pool_small
D:3:      layout_rooms, makhleb_altar_promises_db, general_overflow_altar,
          nicolae_overflow_hidden_temple, minmay_gold_behind_fungi, uniq_grinder
D:4:      layout_cave_pools, kennysheep_generic_room_12, uniq_pikel,
          uniq_crazy_yiuf_cottage, uniq_blork_the_orc

Skill      XL: |  1  2  3  4 |
---------------+-------------+-----
Dodging        | 3 |  3.4
Alchemy        | 1 |  1.7
Spellcasting   | 5 |  5.0
Translocations | 2 |  2.0
Fighting       | |  0.1
Short Blades   | |  0.7
Throwing       | |  0.3
Stealth        | |  3.3
Conjurations   | |  0.8
Summonings     | |  0.7
Air Magic      | |  0.7

Action                     |  1- 3 |  4- 6 || total
---------------------------+-------+-------++-------
  Melee: Dagger            |   116 |    13 ||   129
         Punch             |     2 |       ||     2
  Throw: Boomerang         |    14 |       ||    14
   Cast: Magic Dart        |    68 |    11 ||    79
         Blink             |     1 |       ||     1
         Mephitic Cloud    |     1 |       ||     1
    Use: Scroll            |       |     5 ||     5
   Stab: Sleeping          |    11 |     2 ||    13
         Confused          |     1 |       ||     1
 Armour: Robe              |    43 |     6 ||    49
  Dodge: Dodged            |   105 |    22 ||   127
